 Dungeon Crawl Stone Soup version 0.22-a0-274-gf8199ec (webtiles) character file.

9 tidbits the Insei (level 2, 16/23 HPs)
             Began as a Gnoll Transmuter on Mar 13, 2018.
             Was a Follower of Qazlal.
             Quit the game on level 2 of the Dungeon.
             The game lasted 00:00:44 (73 turns).

tidbits the Insei (Gnoll Transmuter)                  Turns: 73, Time: 00:00:44

Health: 16/23      AC:  2    Str: 12    XL:     2   Next: 12%
Magic:  7/7        EV: 14    Int: 15    God:    Qazlal [*.....]
Gold:   15         SH:  1    Dex: 15    Spells: 7/10 levels left

rFire    . . .     SeeInvis .     - Unarmed
rCold    . . .     Gourm    .   (no shield)
rNeg     . . .     Faith    .   b - +0 robe
rPois    .         Spirit   .   (no helmet)
rElec    .         Reflect  .   (no cloak)
rCorr    .         Harm     .   (no gloves)
MR       .....                  (no boots)
Stlth    +.........             (no amulet)
HPRegen  0.07/turn              (no ring)
MPRegen  0.10/turn              (no ring)

@: appendage (expiring)
A: distributed training, fangs 1, horns 2, strong nose
a: End Transformation, Renounce Religion


You were on level 2 of the Dungeon.
You worshipped Qazlal.
Qazlal was aware of your devotion.
You were not hungry.
You had grown temporary horns.
You visited 1 branch of the dungeon, and saw 2 of its levels.

You collected 15 gold pieces.

Inventory:

Missiles
 a - 12 arrows
Armour
 b - a +0 robe (worn)
Scrolls
 c - a scroll of fog {unknown}
 f - a scroll of identify {unknown}
Potions
 e - a potion of lignification {unknown}
Comestibles
 d - a ration


   Skills:
 + Level 2.4 Fighting
 + Level 0.2 Short Blades
 + Level 0.2 Long Blades
 + Level 0.2 Axes
 + Level 0.2 Maces & Flails
 + Level 0.2 Polearms
 + Level 0.2 Staves
 + Level 0.2 Slings
 + Level 0.2 Bows
 + Level 0.2 Crossbows
 + Level 0.2 Throwing
 + Level 0.2 Armour
 + Level 4.4 Dodging
 + Level 0.2 Stealth
 + Level 0.2 Shields
 + Level 6.4 Unarmed Combat
 + Level 4.9 Spellcasting
 + Level 0.1 Conjurations
 + Level 0.1 Hexes
 + Level 0.1 Charms
 + Level 0.1 Summonings
 + Level 0.1 Necromancy
 + Level 0.1 Translocations
 + Level 3.6 Transmutations
 + Level 0.1 Fire Magic
 + Level 0.1 Ice Magic
 + Level 0.1 Air Magic
 + Level 0.1 Earth Magic
 + Level 0.1 Poison Magic
 + Level 0.3 Invocations
 + Level 0.2 Evocations


You had 7 spell levels left.
You knew the following spells:

 Your Spells              Type           Power        Failure   Level  Hunger
e - Beastly Appendage     Tmut           ##....       3%          1    None
k - Sticks to Snakes      Tmut           ##......     5%          2    ##.....


Dungeon Overview and Level Annotations

Branches:
Dungeon (2/15)

Altars:
Qazlal


Innate Abilities, Weirdness & Mutations

Your experience applies equally to all skills.
You have very sharp teeth.
Your uncanny sense of smell can sniff out nearby items.
You have a pair of horns on your head.


Message History

Welcome, tidbits the Gnoll Transmuter.
The bosom of this dungeon contains the fabled artefact, the Orb of Zot.
Press ? for a list of commands and other information.
Found two stairs.
There is a stone staircase leading down here.
You climb downwards.
There is a stone staircase leading up here.
Unknown command.
A worm comes into view.
Found 15 gold pieces.
Casting: Beastly Appendage (safe; 3% risk of failure)
Confirm with . or Enter, or press ? or * to list all spells.
Your feet morph into talons.
You punch the worm!
The worm is heavily wounded.
You hit the worm. You claw the worm.
The worm is severely wounded.
The worm closely misses you.
You hit the worm but do no damage.
The worm is severely wounded.
You hit the worm. You claw the worm, but do no damage.
The worm is almost dead.
The worm bites you!
You hit the worm.
You kill the worm!
Your transformation is almost over.
Found a scroll labeled XEVIXK ADYURU.
A worm comes into view.
You see here 15 gold pieces.
You now have 15 gold pieces.
You see here a scroll labeled XEVIXK ADYURU.
c - a scroll labeled XEVIXK ADYURU Your talons disappear.
Casting: Beastly Appendage (safe; 3% risk of failure)
Confirm with . or Enter, or press ? or * to list all spells.
You grow a pair of large bovine horns.
You punch the worm! You headbutt the worm. You bite the worm, but do no damage.
The worm is severely wounded.
You hit the worm.
You kill the worm!
You have reached level 2!
Memorise Sticks to Snakes, consuming 2 spell levels and leaving 7?
You start memorising the spell.
You continue memorising. x2
You finish memorising.
Spell assigned to 'k'.
Found a metallic dark potion.
Found a stone staircase leading down.
Found a scroll labeled HAROAFE TI NIO.
Found an embroidered robe.
Unknown command.
You see here a metallic dark potion.
e - a metallic dark potion
Found a faded altar of an unknown god.
A leopard gecko comes into view.
Your transformation is almost over.
You see here a scroll labeled HAROAFE TI NIO.
f - a scroll labeled HAROAFE TI NIO You enter the shallow water.
Moving in this stuff is going to be slow.
The leopard gecko hisses angrily.
Casting: Beastly Appendage (safe; 3% risk of failure)
Confirm with . or Enter, or press ? or * to list all spells.
You extend your transformation's duration.
You enter the shallow water.
Moving in this stuff is going to be slow.
You barely miss the leopard gecko. The leopard gecko bites you.
You hit the leopard gecko.
You bite the leopard gecko, but do no damage.
The leopard gecko is lightly wounded.
The leopard gecko barely misses you.
You miss the leopard gecko.
The leopard gecko is lightly wounded.
The leopard gecko barely misses you.
You punch the leopard gecko!
You kill the leopard gecko!
You enter the shallow water.
Moving in this stuff is going to be slow.
Your transformation is almost over.
There is a faded altar of an unknown god here.
You cannot tell which god this altar belongs to.
Convert to them anyway?
Okay, then.
You aren't carrying any pieces of jewellery.
You cannot tell which god this altar belongs to.
Convert to them anyway?
Qazlal accepts your prayer! Qazlal welcomes you!
Qazlal grants you immunity to clouds.
You are surrounded by a storm.
Are you sure you want to abandon this character and quit the game? (Confirm with "yes".)

#...............# .
######..........#..#.# .
#≈..≈≈≈≈...≈≈...####...
#.≈≈≈...≈≈...≈.....#....
#..≈≈≈≈≈≈≈≈≈≈...##.#....
#≈.≈≈≈≈≈≈≈≈≈....# # .>.
#.≈≈≈≈≈≈≈≈≈≈..###
#..≈≈≈≈♣[≈≈≈..####.#
#..≈≈≈.@.≈≈≈≈≈.....#
#≈≈≈≈≈♣..≈≈≈≈.######
#≈≈≈≈≈≈≈≈≈≈≈≈†#
#≈≈≈≈≈≈≈≈≈≈≈..#
#.≈≈≈≈≈≈≈≈≈≈≈.#
#.≈.≈≈.....≈≈≈#
#.....≈...≈≈..#∆
########.###.# #.. ..#


There were no monsters in sight!

Vanquished Creatures
  2 worms (D:2)
  A leopard gecko (D:2)
3 creatures vanquished.

Notes
Turn   | Place    | Note
-------+----------+-------------------------------------------
     0 | D:1      | tidbits the Gnoll Transmuter began the quest for the Orb.
     0 | D:1      | Reached XP level 1. HP: 17/17 MP: 6/6
    33 | D:2      | Reached XP level 2. HP: 15/23 MP: 5/7
    37 | D:2      | Learned a level 2 spell: Sticks to Snakes
    45 | D:2      | Found a faded altar of an unknown god.
    72 | D:2      | Became a worshipper of Qazlal Stormbringer
    72 | D:2      | Reached * piety under Qazlal
    73 | D:2      | Quit the game

Vault maps used:
D:1:      dpeg_arrival_line_fractal, lemuel_old_faithful
D:2:      chequers_ecumenical_altar_island, grunt_gozag_breadcrumbs,
          uniq_jessica

Action                   || total
-------------------------++-------
Melee: Unarmed           ||    11
       Kick              ||     2
       Bite              ||     2
       Headbutt          ||     1
 Cast: Beastly Appendage ||     3
Dodge: Dodged            ||     3

Table legend:
 A = Spawn XP
 B = Non-spawn XP
 C = Spawn XP percentage of total XP
 D = Spawn monster count
 E = Non-spawn monster count
 F = Spawn count percentage of total count
 G = Total turns spent on level
                    A         B        C        D         E        F      G
               +---------+---------+-------+---------+---------+-------+---------
         Total |       0 |      13 |   0.0 |       0 |       3 |   0.0 |    73
               +---------+---------+-------+---------+---------+-------+---------
           D:2 |       0 |      13 |   0.0 |       0 |       3 |   0.0 |    71
               +---------+---------+-------+---------+---------+-------+---------

Table legend:
 A = Turns spent in this place as a percentage of turns spent in the entire game.
 B = Non-inter-level travel turns spent in this place as a percentage of non-inter-level travel turns spent in the entire game.
 C = Inter-level travel turns spent in this place as a percentage of turns spent in this place.
 D = Turns resting spent in this place as a percentage of non-inter-level travel turns spent in this place.
 E = Turns spent auto-exploring this place as a percentage of non-inter-level travel turns spent in this place.
 F = Non-inter-level travel turns spent in this place divided by the number of levels of this place that you've seen.
                   A       B       C       D       E      F
               +-------+-------+-------+-------+-------+----------------------
         Total | 100.0 | 100.0 |   0.0 |   0.0 |   0.0 |  36.5
       Dungeon | 100.0 | 100.0 |   0.0 |   0.0 |   0.0 |  36.5
               +-------+-------+-------+-------+-------+----------------------

Table legend:
 A = Kills in this place as a percentage of kills in entire the game.
 B = Kills by you in this place as a percentage of kills by you in the entire game.
 C = Kills by friends in this place as a percentage of kills by friends in the entire game.
 D = Other kills in this place as a percentage of other kills in the entire game.
 E = Experience gained in this place as a percentage of experience gained in the entire game.
 F = Experience gained in this place divided by the number of levels of this place that you have seen.
                   A       B       C       D       E      F
               +-------+-------+-------+-------+-------+----------------------
         Total | 100.0 | 100.0 |   N/A |   N/A | 100.0 |   6.5
       Dungeon | 100.0 | 100.0 |   N/A |   N/A | 100.0 |   6.5
               +-------+-------+-------+-------+-------+----------------------

Vault maps used:
D:1:      dpeg_arrival_line_fractal, lemuel_old_faithful
D:2:      chequers_ecumenical_altar_island, grunt_gozag_breadcrumbs,
          uniq_jessica
